 Dungeon Crawl Stone Soup version 0.23.0-3-gf3c87f2df8 (webtiles) character file.

Game seed: 6592382736083851348

41506 Tarias the Grappler (level 13, 0/139 (140) HPs)
             Began as a Troll Berserker on Feb 23, 2019.
             Was an Elder of Trog.
             Killed from afar by a lindwurm (30 damage)
             ... with a blast of flame
             ... on level 6 of the Lair of Beasts.
             The game lasted 00:34:38 (18560 turns).

Tarias the Grappler (Troll Berserker)              Turns: 18560, Time: 00:34:39

HP:   0/139 (140)   AC:  8    Str: 29    XL:     13   Next: 80%
MP:   21/21         EV: 16    Int:  6    God:    Trog [****..]
Gold: 1534          SH: 13    Dex:  9    Spells: 12/12 levels left

rFire    . . .     SeeInvis .     - Unarmed
rCold    + . .     Gourm    +   F - +2 shield {reflect}
rNeg     . . .     Faith    .   w - +0 troll leather armour
rPois    .         Spirit   .   (helmet restricted)
rElec    .         Reflect  +   (no cloak)
rCorr    .         Harm     .   (gloves unavailable)
MR       .....                  (boots unavailable)
Stlth    ++........             q - amulet of regeneration
HPRegen  1.53/turn              l - +4 ring of evasion
MPRegen  0.17/turn              D - ring of the Sneaky Souls {rC+ MP+9 Stlth+}

@: berserk cooldown, slowed, very slow
A: large, unfitting armour, claws 3, fast metabolism 3, gourmand, regeneration
1, shaggy fur 1, tough skin 3
a: Berserk, Trog's Hand, Brothers in Arms, Renounce Religion


You were on level 6 of the Lair of Beasts.
You worshipped Trog.
Trog was greatly pleased with you.
You were very full.

You visited 3 branches of the dungeon, and saw 18 of its levels.
You also visited: Sewer and Gauntlet.

You collected 1534 gold pieces.

Inventory:

Hand Weapons
 A - a +2 arbalest of freezing
Missiles
 O - 13 javelins of penetration (quivered)
Armour
 w - a +0 troll leather armour (worn)
 F - a +2 shield of reflection (worn)
Jewellery
 c - an uncursed ring of positive energy
 l - a +4 ring of evasion (left claw)
 m - an uncursed ring of flight
 q - an amulet of regeneration (around neck)
 D - the ring of the Sneaky Souls (right claw) {rC+ MP+9 Stlth+}
   (You found it in a Gauntlet)

   [ring of protection from cold]

   It protects you from cold.
   It affects your magic capacity (+9).
   It makes you more stealthy.
Wands
 y - a wand of clouds (6)
 z - a wand of acid (12)
 E - a wand of paralysis (12)
 G - a wand of iceblast (17)
 I - a wand of flame (25)
 J - a wand of disintegration (21)
 M - a wand of polymorph (6)
Scrolls
 d - 3 scrolls of immolation
 f - 4 scrolls of enchant armour
 k - 4 scrolls of fog
 o - 10 scrolls of teleportation
 s - 3 scrolls of identify
 v - 3 scrolls of remove curse
 x - 2 scrolls of magic mapping
 K - 4 scrolls of enchant weapon
 N - a scroll of fear
Potions
 a - a potion of lignification
 e - 4 potions of heal wounds
 g - 3 potions of flight
 h - 4 potions of magic
 i - 3 potions of mutation
 j - 2 potions of cancellation
 n - 7 potions of might
 p - a potion of berserk rage
 r - 8 potions of curing
 t - 3 potions of agility
 B - a potion of invisibility
 C - a potion of haste
 H - 2 potions of resistance
Comestibles
 b - 34 rations
 u - a chunk of flesh


   Skills:
 * Level 12.2 Fighting
 + Level 9.1 Dodging
 * Level 7.1 Shields
 * Level 14.2 Unarmed Combat


You had 12 spell levels left.
You didn't know any spells.
Your spell library was empty.

Dungeon Overview and Level Annotations

Branches:
Dungeon (11/15)            Temple (0/1) D:7            Lair (6/6) D:10
 Shoals (0/4) Lair:2        Snake (0/4) Lair:4        Slime (0/5) Lair:6
    Orc (1/2) D:11

Altars:
Ashenzari
Cheibriados
Dithmenos
Fedhas
Gozag
Hepliaklqana
Makhleb
Okawaru
Qazlal
Trog
Xom
Jiyva

Annotations:
Lair:1 exclusion: 3 oklob plants


Innate Abilities, Weirdness & Mutations

You are too large for most types of armour.
You have claws for hands.
Your metabolism is lightning-fast.
You like to eat raw meat.
Your natural rate of healing is unusually fast.
You are covered in fur. (AC +1)
You have extremely tough skin. (AC +3)


Message History

You block the molten gargoyle's attack.
You see here a spiny frog corpse.
The molten gargoyle hits you with a +0 flail!
* * * LOW HITPOINT WARNING * * *
You are engulfed in flames!
* * * LOW HITPOINT WARNING * * *
You block the molten gargoyle's attack.
The molten gargoyle blasts magma at you!
The bolt of magma misses you.
The molten gargoyle blasts magma at you!
The bolt of magma hits you!
* * * LOW HITPOINT WARNING * * *
The lindwurm breathes flames at you. The blast of flame misses you.
The molten gargoyle blasts magma at you!
The bolt of magma hits you!
* * * LOW HITPOINT WARNING * * *
The lindwurm breathes flames at you. The blast of flame hits you!!
You die...

## #.#.......##
.##.........#.####
##..#..........#P.# ##
####..............÷PP##.#
##.................†....####
##..........................## #
........†....................####
...[...>_....k................##.
.............9..@................
.......†##.......##.PP...........
.....#...##......######..........
....##....#P......# #.#........
..## #...†##......# #####......
tP #.#.#.##..#### ###.... .
####k###### ##... #..# ##.. #..#
#..


You could see a lindwurm and a molten gargoyle.

Vanquished Creatures
  2 minotaurs
  The ghost of Doxtoqo the Cleaver, a journeyman DDFi of Makhleb (Lair:4)
  A death ooze (Gauntlet)
  6 hydras
  2 two-headed ogres
  A tengu warrior (D:11)
  An orc high priest (Orc:1)
  3 skeletal warriors (D:11)
  Pikel (D:7)
  An orc knight (D:11)
  3 ugly things
  A merfolk siren (Lair:2)
  11 elephants
  5 black mambas
  13 spiny frogs
  A gargoyle (D:10)
  A rime drake (Lair:6)
  6 komodo dragons
  2 minotaur zombies (Gauntlet)
  An efreet (Gauntlet)
  3 trolls
  3 blink frogs (Lair:1)
  A polar bear (Lair:6)
  2 hippogriffs
  5 flying skulls (Gauntlet)
  A vampire (D:10)
  7 wyverns
  13 yaks
  A basilisk (Lair:2)
  2 steam dragons
  2 wargs
  3 hell hounds (Lair:6)
  13 water moccasins
  5 porcupines
  15 orc warriors
  2 slaves (D:7)
  A sky beast (D:11)
  5 ogres
  3 ice beasts
  A phantom (D:7)
  2 necrophages
  4 centaurs
  10 crocodiles
  9 bullfrogs
  4 scorpions
  5 killer bees (D:11)
  A howler monkey (D:10)
  7 crimson imps
  2 centaur zombies
  A quasit (D:10)
  6 hounds
  9 orc priests
  2 centaur skeletons
  3 iron imps (D:3)
  22 orc wizards
  3 bullfrog skeletons
  2 iguanas
  2 hell rats (Lair:3)
  4 worker ants
  A hound zombie (D:10)
  2 hound skeletons
  2 worker ant zombies (D:9)
  16 adders
  8 gnolls
  10 river rats (Lair:3)
  2 shadow imps
  An ooze (D:3)
  2 adder skeletons (D:6)
  2 worms (D:3)
  2 dart slugs
  14 leopard geckos
  77 orcs
  9 giant cockroaches
  10 goblins
  2 hobgoblins (D:2)
  6 jackals (D:1)
  3 quokkas
  16 bats
  7 frilled lizards
  A giant cockroach zombie (D:5)
  15 kobolds
  A leopard gecko skeleton (D:5)
  A quokka zombie (D:8)
  19 rats
478 creatures vanquished.

Vanquished Creatures (collateral kills)
  The ghost of TheNamelessOne the Nimble, a journeyman OpWr of Dithmenos (Lair:3)
  Sonja (Lair:1)
  4 yaks (Lair:1)
  A porcupine (Lair:4)
7 creatures vanquished.

Vanquished Creatures (others)
  A slave (D:7)
  A bullfrog (D:7)
  A quokka (D:7)
  A fungus (Lair:6)
  A plant (Lair:1)
  4 toadstools (D:3)
9 creatures vanquished.

Grand Total: 494 creatures vanquished

Notes
Turn   | Place    | Note
-------+----------+-------------------------------------------
     0 | D:1      | Tarias the Troll Berserker began the quest for the Orb.
     0 | D:1      | Reached XP level 1. HP: 22/22 MP: 0/0
   203 | D:1      | Reached XP level 2. HP: 26/29 MP: 1/1
   233 | D:1      | Reached ** piety under Trog
   334 | D:1      | Reached XP level 3. HP: 36/36 MP: 2/2
  1029 | D:2      | Found a faded altar of an unknown god.
  1265 | D:2      | Reached XP level 4. HP: 41/45 MP: 3/3
  1313 | D:2      | Reached skill level 4 in Unarmed Combat
  1696 | D:3      | Reached *** piety under Trog
  1735 | D:3      | Found a glowing drain.
  1771 | Sewer    | Entered a sewer
  1778 | Sewer    | Reached XP level 5. HP: 51/53 MP: 4/4
  1815 | Sewer    | Noticed a crocodile
  1825 | Sewer    | Killed a crocodile
  2202 | D:3      | Found a burning altar of Makhleb.
  2213 | D:3      | Reached XP level 6. HP: 47/62 MP: 3/5
  2218 | D:3      | Reached skill level 5 in Unarmed Combat
  2518 | D:3      | Reached **** piety under Trog
  2581 | D:3      | You fall through a shaft for 2 floors!
  2581 | D:5      | Entered Level 5 of the Dungeon
  2725 | D:4      | Reached XP level 7. HP: 71/71 MP: 4/6
  2760 | D:4      | Found a blossoming altar of Fedhas.
  3128 | D:4      | Found a stormy altar of Qazlal.
  3995 | D:5      | Found a hazy altar of Hepliaklqana.
  3996 | D:5      | Found a shimmering altar of Xom.
  3996 | D:5      | Noticed a hungry ghost
  3997 | D:5      | Noticed a spectral ugly thing
  3997 | D:5      | Noticed a hungry ghost
  4106 | D:5      | Reached skill level 5 in Fighting
  4106 | D:5      | Reached skill level 6 in Unarmed Combat
  4599 | D:6      | Found a shadowy altar of Dithmenos.
  4695 | D:6      | Reached XP level 8. HP: 77/81 MP: 7/7
  4869 | D:6      | Reached ***** piety under Trog
  5356 | D:7      | Reached skill level 7 in Unarmed Combat
  5640 | D:7      | Noticed Pikel
  5667 | D:7      | Killed Pikel
  5667 | D:7      | Reached skill level 8 in Unarmed Combat
  5846 | D:7      | Reached XP level 9. HP: 92/92 MP: 8/8
  5849 | D:7      | Reached skill level 5 in Dodging
  5850 | D:7      | Found a staircase to the Ecumenical Temple.
  5877 | D:7      | Found an opulent altar of Gozag.
  6001 | D:7      | Found a shattered altar of Ashenzari.
  6937 | D:8      | Found the +10 large shield of Ignorance {rN+ Int-4}
  7334 | D:8      | Reached skill level 9 in Unarmed Combat
  7637 | D:9      | Received a gift from Trog
  8101 | D:9      | Found an iron altar of Okawaru.
  8101 | D:9      | Found a bloodstained altar of Trog.
  8669 | D:10     | Entered Level 10 of the Dungeon
  8679 | D:10     | Found a snail-covered altar of Cheibriados.
  8728 | D:10     | Noticed a gargoyle
  8731 | D:10     | Reached XP level 10. HP: 104/104 MP: 9/9
  8753 | D:10     | Killed a gargoyle
  8794 | D:10     | Noticed a two-headed ogre
  8812 | D:10     | Killed a two-headed ogre
  8812 | D:10     | Reached skill level 10 in Unarmed Combat
  9199 | D:10     | Noticed a cyan ugly thing
  9212 | D:10     | Killed a cyan ugly thing
  9437 | D:10     | Found a staircase to the Lair.
  9611 | D:11     | Noticed a two-headed ogre
  9615 | D:11     | Killed a two-headed ogre
  9615 | D:11     | Reached skill level 11 in Unarmed Combat
  9629 | D:11     | Received a gift from Trog
  9638 | D:11     | Reached XP level 11. HP: 115/115 MP: 10/10
 10085 | D:11     | Noticed a skeletal warrior
 10086 | D:11     | Noticed a skeletal warrior
 10100 | D:11     | Killed a skeletal warrior
 10104 | D:11     | Killed a skeletal warrior
 10119 | D:11     | Noticed a skeletal warrior
 10132 | D:11     | Killed a skeletal warrior
 10172 | D:11     | Found a staircase to the Orcish Mines.
 10338 | D:11     | Noticed a green ugly thing
 10346 | D:11     | Killed a green ugly thing
 10346 | D:11     | Reached skill level 10 in Fighting
 10620 | D:11     | Noticed a tengu warrior
 10631 | D:11     | Killed a tengu warrior
 10799 | D:11     | Noticed a purple ugly thing
 10803 | D:11     | Killed a purple ugly thing
 10803 | D:11     | Reached skill level 12 in Unarmed Combat
 10888 | Orc:1    | Entered Level 1 of the Orcish Mines
 10891 | Orc:1    | Noticed an orc high priest
 10898 | Orc:1    | Noticed a sixfirhy
 10902 | D:11     | Reached skill level 1 in Shields
 11104 | Orc:1    | Noticed an orc knight
 11305 | D:11     | Received a gift from Trog
 11420 | Orc:1    | Noticed a sun demon
 11445 | D:11     | Killed an orc knight
 11490 | Orc:1    | Killed an orc high priest
 12028 | Lair:1   | Entered Level 1 of the Lair of Beasts
 12072 | Lair:1   | Noticed Sonja
 12081 | Lair:1   | Reached XP level 12. HP: 83/127 MP: 11/11
 12088 | Lair:1   | Killed Sonja
 12177 | Lair:1   | Noticed a five-headed hydra
 12186 | Lair:1   | Killed a nine-headed hydra
 13458 | Lair:2   | Noticed a five-headed hydra
 13516 | Lair:2   | Killed a nine-headed hydra
 13579 | Lair:2   | Reached skill level 13 in Unarmed Combat
 13970 | Lair:2   | Found a staircase to the Shoals.
 14269 | Lair:3   | Received a gift from Trog
 14288 | Lair:3   | Identified Fyak's Catalogue of Feathers and Displacement
 14334 | Lair:3   | Noticed an eight-headed hydra
 14342 | Lair:3   | Killed a 12-headed hydra
 14342 | Lair:3   | Reached skill level 5 in Shields
 14883 | Lair:3   | Noticed a minotaur
 14884 | Lair:3   | Noticed TheNamelessOne's ghost (journeyman OpWr)
 14988 | Lair:3   | Found a runed translucent gate.
 14988 | Lair:3   | Found a runed translucent gate.
 14988 | Lair:3   | Found a runed translucent gate.
 15274 | Lair:3   | Killed a minotaur
 15274 | Lair:3   | Reached XP level 13. HP: 137/137 MP: 12/12
 15278 | Lair:3   | Killed TheNamelessOne's ghost
 15354 | Lair:4   | Found a runed translucent gate.
 15355 | Lair:4   | Found a runed translucent gate.
 15356 | Lair:4   | Found a runed translucent gate.
 15356 | Lair:4   | Noticed Doxtoqo's ghost (journeyman DDFi)
 15428 | Lair:4   | Found a gate leading to a gauntlet.
 15437 | Gauntlet | Entered a Gauntlet
 15437 | Gauntlet | Found a transporter.
 15442 | Gauntlet | Noticed a death ooze
 15444 | Gauntlet | Found a transporter.
 15446 | Gauntlet | Found a transporter.
 15451 | Gauntlet | Found a runed translucent door.
 15452 | Gauntlet | Found a runed translucent door.
 15455 | Gauntlet | Found a transporter.
 15457 | Gauntlet | Found a transporter.
 15474 | Gauntlet | Found a transporter.
 15481 | Gauntlet | Noticed a dire elephant
 15482 | Gauntlet | Found a transporter.
 15492 | Gauntlet | Found a transporter.
 15502 | Gauntlet | Found a transporter.
 15519 | Gauntlet | Found a transporter.
 15530 | Gauntlet | Found a transporter.
 15578 | Gauntlet | Found a transporter.
 15595 | Gauntlet | Found a transporter.
 15597 | Gauntlet | Found a transporter.
 15710 | Gauntlet | Killed a death ooze
 15885 | Gauntlet | Got a clouded wooden ring
 15892 | Gauntlet | Identified the ring of the Sneaky Souls {rC+ MP+9 Stlth+}
                  | (You found it in a Gauntlet)
 15963 | Gauntlet | Noticed a minotaur
 15977 | Gauntlet | Killed a minotaur
 16011 | Gauntlet | Paralysed by fainting for 9 turns
 16399 | Lair:4   | Found a staircase to the Snake Pit.
 16645 | Lair:4   | Killed Doxtoqo's ghost
 17996 | Lair:6   | Entered Level 6 of the Lair of Beasts
 18031 | Lair:6   | Reached skill level 14 in Unarmed Combat
 18471 | Lair:6   | Found a viscous altar of Jiyva.
 18472 | Lair:6   | Found a staircase to the Slime Pits.
 18560 | Lair:6   | Killed from afar by a lindwurm

Skill      XL: |  1  2  3  4  5  6  7  8  9 10 11 12 13 |
---------------+----------------------------------------+-----
Fighting       | 3 4 5 6 8 9 10 11 12 | 12.2
Unarmed Combat | 4 5 6 8 9 11 12 13 14 | 14.2
Dodging        | 3 4 5 6 7 8 9 |  9.1
Shields        | 2 5 7 |  7.1

Action                   |  1- 3 |  4- 6 |  7- 9 | 10-12 | 13-15 || total
-------------------------+-------+-------+-------+-------+-------++-------
Melee: Unarmed           |   119 |   180 |   390 |   626 |   217 ||  1532
       Punch             |       |     1 |     6 |    11 |       ||    18
Invok: Berserk           |       |       |     1 |     8 |     6 ||    15
       Trog's Hand       |       |       |     1 |     1 |     2 ||     4
       Brothers in Arms  |       |       |       |     4 |     4 ||     8
Evoke: Wand              |       |       |       |       |     3 ||     3
  Use: Scroll            |       |       |    21 |     9 |     6 ||    36
       Potion            |       |       |       |       |     1 ||     1
 Stab: Distracted        |       |       |       |     2 |     1 ||     3
  Eat: Chunk             |    17 |    14 |    54 |    68 |    26 ||   179
       Ration            |       |       |       |       |     4 ||     4
Armor: Animal skin       |    70 |    82 |    95 |     4 |       ||   251
       Troll leather arm |       |       |       |   101 |    44 ||   145
Dodge: Dodged            |    68 |    87 |   289 |   360 |    97 ||   901
Block: Shield            |       |       |       |   190 |   130 ||   320
       Reflection        |       |       |       |     1 |       ||     1
